 Dungeon Crawl Stone Soup version 0.31-a0-237-g2d982f9f85 (webtiles) character file.

Game seed: 2935456338816235430

134 qw the Shooter (level 5, -1/30 HPs)
             Began as a Gargoyle Hexslinger on July 11, 2023.
             Frozen to death by an endoplasm (4 damage)
             ... on level 4 of the Dungeon.
             The game lasted 00:01:03 (2341 turns).

qw the Shooter (Gargoyle Hexslinger)                Turns: 2341, Time: 00:01:03

Health: -1/30      AC: 15    Str:  8 (11) XL:     5   Next: 17%
Magic:  6/6        EV: 10    Int: 11 (14) God:
Gold:   198        SH:  0    Dex: 13 (14) Spells: 5/6 levels left

rFire   + . .        Y - +2 sling
rCold   . . .        (no shield)
rNeg    + . .        j - +0 ring mail
rPois   inf          (no helmet)
rElec   +            c - +1 cloak
rCorr   .            f - +1 pair of gloves
SInv    .            h - +1 pair of boots
Will    .....        (no amulet)
Stlth   +            (no ring)
HPRegen 0.25/turn    (no ring)
MPRegen 0.10/turn

%: no passive effects
@: no status effects
A: sickness immunity, AC +4, negative energy resistance 1, electricity
resistance, torment resistance 1, petrification resistance, fire resistance 1
a: no special abilities


You were on level 4 of the Dungeon.
You visited 1 branch of the dungeon, and saw 4 of its levels.

You collected 198 gold pieces.


Innate Abilities, Weirdness & Mutations

You are immune to sickness and miasma.
Your stone body is resilient. (AC +4)
You are immune to poison.
You resist negative energy. (rN+)
You are resistant to electric shocks. (rElec)
You are resistant to unholy torment.
You are immune to petrification.
Your flesh is heat resistant. (rF+)


   Skills:
 - Level 2.0 Fighting
 + Level 4.7 Ranged Weapons
 - Level 1.2 Armour
 - Level 1.5 Dodging
 - Level 1.0 Spellcasting
 - Level 2.6 Hexes


You had 5 spell levels left.
You knew the following spells:

 Your Spells              Type           Power      Damage    Failure   Level
a - Slow                  Hex            24%        N/A       32%         1

Your spell library contained the following spells:

 Spells                   Type           Power      Damage    Failure   Level
 Inner Flame              Hex/Fire       3%         N/A       86%         3
 Portal Projectile        Hex/Tloc       6%         N/A       86%         3
 Cause Fear               Hex            3%         N/A       97%         4

Inventory:

Hand Weapons
 Y - a +2 sling (weapon)
Armour
 c - a +1 cloak (worn)
 d - a scarf of repulsion
 f - a +1 pair of gloves (worn)
 h - a +1 pair of boots (worn)
 j - a +0 ring mail (worn)
Scrolls
 a - a scroll of identify
Potions
 g - a potion of might
 i - a potion of mutation

Dungeon Overview and Level Annotations

Branches:
Dungeon (4/15)
 Temple: D:4-7

Altars:
Sif Muna
Xom


Message History

The endoplasm freezes you.
You are frozen.
You shoot a sling bullet.
The sling bullet barely misses the scorpion.
The scorpion stings you but does no damage.
The endoplasm hits you but does no damage.
The scorpion completely misses you.
You shoot a sling bullet.
The sling bullet closely misses the scorpion.
The endoplasm hits you but does no damage.
The scorpion barely misses you. The endoplasm freezes you.
You are frozen.
The scorpion stings you.
You shoot a sling bullet.
The sling bullet barely misses the scorpion.
The endoplasm hits you but does no damage.
The scorpion stings you but does no damage.
You shoot a sling bullet. The sling bullet hits the scorpion.
The scorpion is heavily wounded.
The scorpion stings you. The endoplasm freezes you.
You are frozen.
The scorpion stings you but does no damage.
The endoplasm hits you but does no damage.
You shoot a sling bullet.
The sling bullet barely misses the scorpion.
The scorpion stings you but does no damage.
The endoplasm jiggles.
The endoplasm closely misses you.
You shoot a sling bullet. The sling bullet hits the scorpion.
The scorpion is heavily wounded.
The scorpion barely misses you. The endoplasm freezes you.
You are frozen.
The scorpion stings you.
You shoot a sling bullet. The sling bullet hits the scorpion.
The scorpion is severely wounded.
The scorpion stings you but does no damage.
The endoplasm freezes you.
You are frozen.
You die...

...... ...... ....>. #.
#...... ###. .......
......###.....
#.....#.Js.#
..##.....#@######
....#.....#..#..>##
..................#
##................#
..................# ####
..................####..#
..........###...........##
...........#####.#.......#
..........## #.#.#.<.###


You could see a scorpion and an endoplasm.

Vanquished Creatures
  A sleepcap (D:3)
  3 adders
  An ufetubus (D:4)
  A worm (D:2)
  2 dart slugs
  4 ball pythons
  6 bats
  5 endoplasms
  3 giant cockroaches
  6 goblins
  4 hobgoblins
  2 jackals (D:2)
  8 kobolds
  3 quokkas
  6 frilled lizards
  9 rats
64 creatures vanquished.

Notes
Turn   | Place    | Note
-------+----------+-------------------------------------------
     0 | D:1      | qw the Gargoyle Hexslinger began the quest for the Orb.
     0 | D:1      | Reached XP level 1. HP: 12/12 MP: 2/2
     0 | D:1      | 0 ||| qw: Version: 0.3-a-52-g30416fa
     0 | D:1      | 0 ||| qw: Game counter: 5596
     0 | D:1      | 0 ||| qw: Melee chars always use a shield: true
     0 | D:1      | 0 ||| qw: God list: Okawaru
     0 | D:1      | 0 ||| qw: Allow faded altars: false
     0 | D:1      | 0 ||| qw: Do Orc after clearing Dungeon:15 true
     0 | D:1      | 0 ||| qw: Do second Lair branch before Depths: true
     0 | D:1      | 0 ||| qw: Lair rune preference: random
     0 | D:1      | 0 ||| qw: Goals: Normal
     0 | D:1      | 0 ||| PLANNING D:1-11
    83 | D:1      | Reached XP level 2. HP: 16/16 MP: 3/3
   181 | D:1      | Reached skill level 3 in Ranged Weapons
   272 | D:1      | Found a faded altar of an unknown god.
   393 | D:1      | Reached XP level 3. HP: 20/21 MP: 4/4
   817 | D:1      | 817 ||| UPGRADING to +1 pair of boots.
   822 | D:1      | 822 ||| UPGRADING to +0 ring mail.
   832 | D:1      | 832 ||| DROPPING +0 robe.
   833 | D:1      | 833 ||| READING 2 scrolls labelled MOIDGH BOROESH.
   834 | D:1      | 834 ||| READING scroll labelled WUIWAO WEOKU.
   835 | D:1      | 835 ||| READING 2 scrolls labelled RAYZAGA SISOBB.
   836 | D:1      | 836 ||| READING scroll labelled SEFRUR NI XERO.
   841 | D:1      | 841 ||| DROPPING scroll of poison.
   842 | D:1      | 842 ||| DROPPING scroll of blinking.
  1028 | D:2      | Reached skill level 1 in Armour
  1093 | D:2      | Reached XP level 4. HP: 14/26 MP: 5/5
  1120 | D:2      | 1120 ||| FLEEEEING.
  1126 | D:2      | 1126 ||| FLEEEEING.
  1128 | D:2      | 1128 ||| FLEEEEING.
  1129 | D:2      | 1129 ||| FLEEEEING.
  1130 | D:2      | 1130 ||| FLEEEEING.
  1131 | D:2      | 1131 ||| FLEEEEING.
  1132 | D:2      | 1132 ||| FLEEEEING.
  1554 | D:2      | 1554 ||| UPGRADING to +1 cloak.
  1559 | D:2      | 1559 ||| READING scroll labelled ERENGO DEIH.
  1560 | D:2      | 1560 ||| DRINKING 2 bubbling dark potions.
  1568 | D:2      | 1568 ||| READING 2 scrolls of identify.
  1568 | D:2      | 1568 ||| IDENTIFYING pink potion
  1569 | D:2      | 1569 ||| DROPPING potion of ambrosia.
  1688 | D:3      | Reached skill level 4 in Ranged Weapons
  1890 | D:3      | Found a shimmering altar of Xom.
  1891 | D:3      | Found a shimmering blue altar of Sif Muna.
  2235 | D:3      | 2235 ||| UPGRADING to +1 pair of gloves.
  2240 | D:3      | 2240 ||| DRINKING 2 black potions.
  2241 | D:3      | 2241 ||| DRINKING 2 bubbling white potions.
  2241 | D:3      | Gained mutation: Your flesh is heat resistant. (rF+)
                  | [potion of mutation]
  2242 | D:3      | 2242 ||| READING 3 scrolls of identify.
  2242 | D:3      | 2242 ||| IDENTIFYING brown potion
  2243 | D:3      | 2243 ||| READING 2 scrolls of identify.
  2243 | D:3      | 2243 ||| IDENTIFYING fuming inky potion
  2244 | D:3      | 2244 ||| DROPPING potion of brilliance.
  2245 | D:3      | 2245 ||| DROPPING potion of degeneration.
  2261 | D:4      | 2261 ||| STAIRDANCE
  2272 | D:3      | Reached XP level 5. HP: 27/30 MP: 6/6
  2331 | D:4      | HP: 6/30 [frozen (5)]
  2332 | D:4      | 2332 ||| DRINKING potion of heal wounds.
  2338 | D:4      | HP: 4/30 [frozen (5)]
  2341 | D:4      | Frozen to death by an endoplasm

Levels and vault maps discovered:
D:1:      dpeg_arrival_morbid_curiosity, layout_loops_ring,
          shapermc_ecumenical_altar_notcrosses, nicolae_figureground_sparkle
D:2:      layout_basic, minivault_11, minmay_pentomino_u2
D:3:      layout_loops_ring, mainiacjoe_overflow_divided_tiny, st_stairs_6
D:4:      layout_cave_pools, nicolae_elyvilon_peaceful_grove,
          hangedman_decor_opposing

Skill      XL: |  1  2  3  4 |
---------------+-------------+-----
Ranged Weapons | 3 4 |  4.7
Fighting       | 2 |  2.0
Armour         | 1 |  1.2
Dodging        | |  1.5
Spellcasting   | |  1.0
Hexes          | |  2.6

Action                     |  1- 3 |  4- 6 || total
---------------------------+-------+-------++-------
   Fire: Sling             |   121 |   112 ||   233
    Use: Scroll            |     4 |     4 ||     8
         Potion            |       |     4 ||     4
 Armour: Robe              |    17 |       ||    17
         Ring mail         |    12 |    31 ||    43
  Dodge: Dodged            |    44 |    32 ||    76

Table legend:
 A = Non-vault XP
 B = Vault XP
 C = Vault XP percentage of total XP
 D = Non-vault monster count
 E = Vault monster count
 F = Vault count percentage of total count
                 A         B        C        D         E       F
            +---------+---------+-------+---------+---------+-------
      Total |     179 |      13 |   6.8 |      57 |       7 |  10.9
            +---------+---------+-------+---------+---------+-------
        D:1 |      32 |      10 |  23.8 |      17 |       5 |  22.7
        D:2 |      70 |       2 |   2.8 |      27 |       1 |   3.6
        D:3 |      65 |       1 |   1.5 |      10 |       1 |   9.1
        D:4 |      12 |       0 |   0.0 |       3 |       0 |   0.0
            +---------+---------+-------+---------+---------+-------
